 Dungeon Crawl Stone Soup version 0.30.0-29-ga12c61a403 (webtiles) character file.

Game seed: 3628722127051272830

95930 AIAndy the Champion of Chaos (level 15, 0/120 HPs)
             Began as a Demonspawn Wanderer on June 14, 2023.
             Was the Champion of Makhleb.
             Slain by an entropy weaver (6 damage)
             ... on level 4 of the Spider Nest on June 16, 2023.
             The game lasted 02:35:08 (22698 turns).

AIAndy the Champion of Chaos (Demonspawn Wanderer) Turns: 22698, Time: 02:35:08

Health: 0/120      AC: 24    Str: 21    XL:     15   Next: 67%
Magic:  29/29      EV:  5    Int: 12    God:    Makhleb [******]
Gold:   1527       SH:  4    Dex: 13    Spells: 16/16 levels left

rFire   + . .        m - +2 battleaxe
rCold   + . .        (shield currently unavailable)
rNeg    . . .        p - +1 crystal plate armour {rC+}
rPois   +            (helmet unavailable)
rElec   .            h - +0 cloak
rCorr   .            N - +2 pair of gloves
SInv    .            A - +0 pair of boots
Will    +....        l - amulet of the acrobat Stlth
                     F - ring of poison resistance
HPRegen 0.40/turn    d - ring of protection from fire
MPRegen 0.21/turn

%: acrobat, clarity
@: spiked, corroded, hasted, invisible, unable to read, very quick
A: horns 3, thin metallic scales 2, ignite blood 2, spiny 2, large bone plates
1, clarity, inability to read after injury 2
a: Renounce Religion, Minor Destruction, Lesser Servant of Makhleb, Major
Destruction, Greater Servant of Makhleb


You were on level 4 of the Spider Nest.
You worshipped Makhleb.
Makhleb was exalted by your worship.
You visited 3 branches of the dungeon, and saw 21 of its levels.
You also visited: Ice Cave.

You collected 1527 gold pieces.

Inventory:

Hand Weapons
 m - a +2 battleaxe (weapon)
Missiles
 c - 46 poisoned darts (quivered)
 o - 6 javelins
 w - 2 atropa-tipped darts
 D - 3 silver boomerangs
 Q - 2 curare-tipped darts
 U - a throwing net
Armour
 h - a +0 cloak (worn)
 p - a +1 crystal plate armour of cold resistance (worn)
 A - a +0 pair of boots (worn)
 E - the +5 buckler of Defiance {rElec Str-5 Int+3}
   (You found it on level 7 of the Dungeon)

   Str:       It affects your strength (-5).
   Int:       It affects your intelligence (+3).
   rElec:     It insulates you from electricity.
 N - a +2 pair of gloves (worn)
Jewellery
 d - a ring of protection from fire (right hand)
 l - an amulet of the acrobat (around neck)
 x - a ring of protection from cold
 F - a ring of poison resistance (left hand)
 J - a ring of willpower
 X - a ring of see invisible
Wands
 j - a wand of flame (9)
 z - a wand of quicksilver (12)
 G - a wand of iceblast (16)
 R - a wand of digging (3)
 S - a wand of polymorph (2)
 V - a wand of mindburst (30)
Scrolls
 b - 2 scrolls of enchant weapon
 i - a scroll of identify
 k - 4 scrolls of amnesia
 q - 5 scrolls of teleportation
 r - 2 scrolls of brand weapon
 s - 3 scrolls of butterflies
 t - 4 scrolls of magic mapping
 u - 2 scrolls of blinking
 C - 2 scrolls of enchant armour
 H - a scroll of fear
 Z - 6 scrolls of fog
Potions
 e - 4 potions of berserk rage
 f - 3 potions of resistance
 g - 10 potions of curing
 v - a potion of magic
 B - a potion of brilliance
 I - 2 potions of might {unknown}
 L - 5 potions of mutation
 M - 5 potions of flight
 W - 2 potions of cancellation
 Y - 4 potions of haste
Miscellaneous
 y - a lightning rod (4/4)
 P - a condenser vane (inert)


   Skills:
 + Level 12.1 Fighting
 + Level 14.0(14.3) Axes
 - Level 4.6(10.2) Maces & Flails
 - Level 1.7 Throwing
 * Level 11.9 Armour
 + Level 2.0 Dodging
 - Level 3.1 Shields
 - Level 1.0 Spellcasting
 + Level 20.2 Invocations


You had 16 spell levels left.
You didn't know any spells.
Your spell library contained the following spells:

 Spells                   Type           Power      Damage    Failure   Level
 Freeze                   Ice            0%         1d3       100%        1
 Magic Dart               Conj           0%         1d3       100%        1
 Blink                    Tloc           0%         N/A       100%        2
 Lesser Beckoning         Tloc           0%         N/A       100%        2
 Momentum Strike          Conj/Tloc      0%         3d8       100%        2
 Poisonous Vapours        Pois/Air       0%         N/A       100%        2
 Searing Ray              Conj           0%         2d4       100%        2
 Sublimation of Blood     Necr           0%         N/A       100%        2
 Frozen Ramparts          Ice            0%         1d1       100%        3
 Hailstorm                Conj/Ice       0%         3d3       100%        3
 Mephitic Cloud           Conj/Pois/Air  0%         N/A       100%        3
 Teleport Other           Tloc           0%         N/A       100%        3
 Volatile Blastmotes      Fire/Tloc      0%         2d10      100%        3
 Animate Dead             Necr           0%         N/A       100%        4
 Fulminant Prism          Conj/Hex       0%         3d5       100%        4
 Iskenderun's Mystic Bla  Conj/Tloc      0%         2d3       100%        4
 Manifold Assault         Tloc           0%         N/A       100%        4
 Olgreb's Toxic Radiance  Pois           0%         N/A       100%        4
 Petrify                  Tmut/Erth      0%         N/A       100%        4
 Borgnjor's Vile Clutch   Necr/Erth      0%         N/A       100%        5
 Irradiate                Conj/Tmut      0%         3d11      100%        5
 Lee's Rapid Deconstruct  Erth           0%         3d4*      100%        5
 Death Channel            Necr           0%         N/A       100%        6
 Dispersal                Tloc           0%         N/A       100%        6
 Eringya's Noxious Bog    Tmut/Pois      0%         N/A       100%        6
 Discord                  Hex            0%         N/A       100%        8
 Disjunction              Tloc           0%         N/A       100%        8
 Ignition                 Fire           0%         3d3       100%        8
 Chain Lightning          Conj/Air       0%         N/A       100%        9
 Fire Storm               Conj/Fire      0%         5d1       100%        9
 Shatter                  Erth           0%         3d5*      100%        9


Dungeon Overview and Level Annotations

Branches:
Dungeon (12/15)            Temple (0/1) D:6            Lair (5/5) D:11
 Shoals (0/4) Lair:3       Spider (4/4) Lair:2        Slime (0/5) Lair:4
    Orc (0/2) D:12          IceCv (visited)

Altars:
Gozag
Makhleb
Xom
Jiyva
Lugonu

Shops:
D:7 **

Portals:
Abyss: D:12 Lair:5

Annotations:
D:6 Pikel
D:10 1 runed translucent door, ripuliukko's ghost, novice DEEE
D:12 2 transporters, klichko's ghost, journeyman SpEn
Lair:1 3 runed translucent doors, Azuvok's ghost, novice FoFi; Descartes's ghost, journeyman FoFi; purpleHaze's ghost, journeyman HuHu; ripuliukko's ghost, journeyman DEEE
Lair:3 1 runed translucent door, Kubamp's ghost, journeyman DEAE
Spider:1 Roxanne


Innate Abilities, Weirdness & Mutations

You have a pair of large horns on your head.
You are mostly covered in thin metallic scales. (AC +3)
Your demonic aura often causes spilled blood to erupt in flames.
You are mostly covered in sharp spines.
You are partially covered in large bone plates. (SH +4)
You possess an exceptional clarity of mind.
You sometimes lose the ability to read scrolls when taking damage.


Message History

You fade into invisibility!
The entropy weaver points at you and mumbles some strange words.
The entropic weave corrodes you!
The demonic crawler is struck by your spines.
The demonic crawler hits you but does no damage. x3
The entropy weaver casts a spell at you.
The entropic weave corrodes you!
You cannot read scrolls in your current state!
Unknown command.
You feel much better.
The demonic crawler hits you but does no damage. x2
The demonic crawler hits you.
* * * LOW HITPOINT WARNING * * *
The entropy weaver hits you!
* * * LOW HITPOINT WARNING * * *
You block the entropy weaver's attack. The entropy weaver hits you.
* * * LOW HITPOINT WARNING * * *
The entropy weaver hits you but does no damage.
The demonic crawler is struck by your spines.
The demonic crawler hits you but does no damage. x2
The demonic crawler hits you!
* * * LOW HITPOINT WARNING * * *
Okay, then.
You cannot read scrolls in your current state!
Unknown command.
You feel yourself speed up.
The entropy weaver completely misses you.
You block the entropy weaver's attack. The entropy weaver hits you.
* * * LOW HITPOINT WARNING * * *
The entropy weaver hits you but does no damage.
You block the demonic crawler's attack.
The demonic crawler hits you but does no damage.
The demonic crawler hits you!
* * * LOW HITPOINT WARNING * * *
Okay, then.
Clouds of noxious fumes condense around you!
The condenser dries out!
The demonic crawler hits you but does no damage. x3
The entropy weaver hits you.
You die...

...... ...^..^.........#
#.......^.......## ^#
.................## #.##
...(..............# #...^
...........^......##.#..^
.......^......^.##^....^.
.^..†..#....#...§○#§..^..
...#.†....^.....@sy......
#.#.#.#.#^...#..#Bw......
#####.....#..####s.....##
#...##^### ###....#
##..#### .)..^# ####
.).## ...# ...# ....


You could see an entropy weaver, a steelbarb worm (unable to see you), a demonic
crawler, a jumping spider (unable to see you) and a meliai (unable to see you).

Vanquished Creatures
  Mlioglotl (Spider:4)
  An emperor scorpion (Spider:3)
  2 ghost moths
  2 broodmothers
  Azrael (Spider:2)
  A spark wasp (Spider:4)
  A fire dragon (shapeshifter) (Lair:5)
  An entropy weaver (Spider:4)
  A jorogumo (Spider:1)
  2 hydras
  3 radroaches
  Erica (D:9)
  4 two-headed ogres
  2 boulder beetles
  A tengu warrior (D:10)
  11 death yaks
  3 thrashing horrors (Lair:5)
  2 sun moths
  3 pharaoh ants (Spider:4)
  2 bog bodies (IceCv)
  4 orb spiders
  A wizard (D:10)
  3 harpies (Lair:3)
  A lindwurm (Lair:5)
  12 steelbarb worms
  An oklob plant (Lair:2)
  13 wolf spiders
  2 cyclopes (D:11)
  An ugly thing (Lair:5)
  8 elephants
  Joseph (D:8)
  An ice statue (IceCv)
  A smoke demon (Lair:5)
  4 black mambas
  6 demonic crawlers
  8 cane toads
  4 torpor snails
  2 kobold demonologists
  4 komodo dragons
  A rime drake (D:11)
  A freezing wraith (IceCv)
  3 ice devils
  A wind drake (shapeshifter) (Lair:5)
  4 trolls
  2 ancient zymes (Lair:5)
  8 polar bears
  2 meliai (Spider:4)
  20 tarantellas
  11 blink frogs
  4 dream sheep (Lair:3)
  15 jumping spiders
  4 slime creatures (D:12)
  18 culicivoras
  Sigmund (D:3)
  39 yaks
  2 ynoxinuls (Lair:5)
  A wraith (D:12)
  4 wyverns
  11 basilisks
  Grum (D:8)
  2 fire elementals (Spider:2)
  2 chaos spawn (Lair:5)
  32 redbacks
  A death yak simulacrum (IceCv)
  2 harpy simulacra (IceCv)
  An acid dragon (D:9)
  11 water moccasins
  3 hell hounds (Spider:2)
  5 small abominations (Lair:5)
  2 large abominations (Lair:5)
  6 ice beasts (D:11)
  4 orc warriors
  A sky beast (D:7)
  2 black bears (D:7)
  8 wolves
  2 ogres
  4 centaurs
  2 phantoms (D:5)
  2 kobold brigands (D:9)
  11 bullfrogs
  A cane toad simulacrum (IceCv)
  4 gnoll sergeants
  4 scorpions
  6 two-headed ogre simulacra (IceCv)
  3 wights (D:9)
  2 elephant simulacra (IceCv)
  5 howler monkeys
  3 electric eels
  13 jellies (Lair:4)
  3 hounds
  A gnoll bouda (D:7)
  4 orc priests
  2 sleepcaps
  12 orc wizards
  An iguana (D:4)
  11 hell rats
  2 polar bear simulacra (IceCv)
  6 spriggan simulacra (IceCv)
  4 troll simulacra (IceCv)
  4 wolf simulacra (IceCv)
  17 gnolls
  6 naga simulacra (IceCv)
  6 adders
  11 river rats (Lair:5)
  5 white imps (IceCv)
  7 ufetubi (IceCv)
  A dart slug (D:4)
  22 orcs
  4 ball pythons
  10 endoplasms
  2 giant cockroaches
  4 hobgoblins
  2 jackals (D:3)
  15 kobolds
  A quokka (D:2)
  4 bats
  6 frilled lizards
  2 goblins
  5 rats
599 creatures vanquished.

Vanquished Creatures (collateral kills)
  A kobold demonologist (D:9)
  A tarantella (Spider:4)
  A yak (D:9)
  2 kobold brigands (D:9)
5 creatures vanquished.

Vanquished Creatures (others)
  An orc wizard (D:8)
1 creature vanquished.

Grand Total: 605 creatures vanquished

Notes
Turn   | Place    | Note
-------+----------+-------------------------------------------
     0 | D:1      | AIAndy the Demonspawn Wanderer began the quest for the Orb.
     0 | D:1      | AIAndy set off with the following items: a +2 mace, a +0
                  | hand axe, 11 poisoned darts, a +0 dagger, a potion of
                  | berserk rage, a +0 leather armour.
     0 | D:1      | Reached XP level 1. HP: 15/15 MP: 2/2
   679 | D:2      | Gained mutation: You are partially covered in sharp spines.
                  | [demonic ancestry]
   679 | D:2      | Reached XP level 2. HP: 21/21 MP: 3/3
   723 | D:2      | Found a faded altar of an unknown god.
   753 | D:2      | Prayed at the altar of an unknown god.
   753 | D:2      | Became a worshipper of Makhleb the Destroyer
   753 | D:2      | Reached * piety under Makhleb
   878 | D:2      | Gained mutation: You have a pair of small horns on your
                  | head. [demonic ancestry]
   878 | D:2      | Reached XP level 3. HP: 20/28 MP: 4/4
  1313 | D:3      | Reached ** piety under Makhleb
  1629 | D:3      | Noticed Sigmund
  1644 | D:3      | Killed Sigmund
  1645 | D:3      | Gained mutation: You have a pair of horns on your head.
                  | [demonic ancestry]
  1645 | D:3      | Reached XP level 4. HP: 21/37 MP: 5/5
  1645 | D:3      | Gained mutation: Your demonic aura sometimes causes spilled
                  | blood to erupt in flames. [demonic ancestry]
  1645 | D:3      | Reached XP level 5. HP: 24/42 MP: 6/6
  2266 | D:4      | Noticed an ogre
  2273 | D:4      | Killed an ogre
  2274 | D:4      | Gained mutation: You are partially covered in thin metallic
                  | scales. (AC +2) [demonic ancestry]
  2274 | D:4      | Reached XP level 6. HP: 49/49 MP: 7/7
  2888 | D:5      | Entered Level 5 of the Dungeon
  3096 | D:5      | Reached skill level 2 in Invocations
  3106 | D:5      | Reached skill level 5 in Fighting
  3106 | D:5      | Reached XP level 7. HP: 52/56 MP: 8/8
  3162 | D:5      | Reached skill level 5 in Armour
  3259 | D:5      | Reached skill level 3 in Invocations
  3679 | D:6      | Found a staircase to the Ecumenical Temple.
  3822 | D:6      | Noticed Pikel
  3885 | D:7      | Reached skill level 4 in Invocations
  4027 | D:7      | Found a burning altar of Makhleb.
  4112 | D:7      | Reached XP level 8. HP: 51/64 MP: 11/11
  4182 | D:7      | Reached skill level 5 in Invocations
  4269 | D:7      | Reached skill level 6 in Invocations
  4310 | D:7      | Reached *** piety under Makhleb
  4403 | D:7      | Reached skill level 7 in Invocations
  4424 | D:7      | Identified the +5 buckler of Defiance {rElec Str-5 Int+3}
  4606 | D:7      | Found Icvuad's Mass Market.
  4679 | D:7      | Found Meejomnar's Lightly-Used Armoury.
  4976 | D:8      | Reached skill level 8 in Invocations
  5152 | D:8      | Gained mutation: You are mostly covered in thin metallic
                  | scales. (AC +3) [demonic ancestry]
  5152 | D:8      | Reached XP level 9. HP: 71/71 MP: 15/15
  5207 | D:8      | Noticed Joseph
  5208 | D:8      | Reached skill level 9 in Invocations
  5213 | D:8      | Killed Joseph
  5214 | D:8      | Reached skill level 1 in Shields
  5302 | D:8      | Noticed Grum
  5310 | D:8      | Reached skill level 10 in Invocations
  5316 | D:8      | Killed Grum
  5688 | D:9      | Noticed a kobold demonologist
  5695 | D:9      | Noticed a kobold demonologist
  5702 | D:9      | Killed a kobold demonologist
  5703 | D:9      | Reached skill level 11 in Invocations
  5707 | D:9      | Killed a kobold demonologist
  5728 | D:9      | Reached skill level 12 in Invocations
  5728 | D:9      | Reached XP level 10. HP: 59/77 MP: 17/19
  5746 | D:9      | Reached **** piety under Makhleb
  5852 | D:9      | Noticed Erica
  5880 | D:9      | Killed Erica
  5881 | D:9      | Reached skill level 13 in Invocations
  6132 | D:9      | Reached skill level 14 in Invocations
  6226 | D:9      | You fall into a shaft and drop 3 floors!
  6279 | D:12     | Found a staircase to the Orcish Mines.
  6292 | D:12     | Noticed a two-headed ogre
  6296 | D:12     | Killed a two-headed ogre
  6397 | D:12     | Noticed a hell hog
  6397 | D:12     | Noticed a worldbinder
  6422 | D:12     | Found a transporter.
  6424 | D:12     | Found a one-way gate to the infinite horrors of the Abyss.
  6425 | D:12     | Noticed a brown very ugly thing
  6427 | D:12     | Noticed a deep elf knight
  6430 | D:12     | Noticed a soul eater
  6443 | D:12     | Noticed klichko's ghost (journeyman SpEn)
  6443 | D:12     | Noticed a rakshasa
  6451 | D:12     | Found a transporter.
  6470 | D:12     | Noticed a worldbinder
  6612 | D:11     | Found a staircase to the Lair.
  6628 | D:10     | Entered Level 10 of the Dungeon
  6634 | D:10     | Gained mutation: You are mostly covered in sharp spines.
                  | [demonic ancestry]
  6634 | D:10     | Reached XP level 11. HP: 61/86 MP: 21/21
  6749 | D:10     | Noticed a tengu warrior
  6755 | D:10     | Reached skill level 5 in Axes
  6756 | D:10     | Killed a tengu warrior
  7399 | D:10     | Noticed a two-headed ogre
  7407 | D:10     | Killed a two-headed ogre
  7619 | D:10     | Found a runed translucent door.
  7619 | D:10     | Found a shimmering altar of Xom.
  7619 | D:10     | Noticed ripuliukko's ghost (novice DEEE)
  7620 | D:10     | Noticed a +0 war axe of chaos
  7671 | D:10     | Noticed a wizard
  7673 | D:10     | Killed a wizard
  7915 | D:11     | Noticed a two-headed ogre
  7919 | D:11     | Killed a two-headed ogre
  7978 | D:11     | Noticed a two-headed ogre
  8670 | D:11     | Killed a two-headed ogre
  8687 | D:11     | Gained mutation: Your demonic aura often causes spilled
                  | blood to erupt in flames. [demonic ancestry]
  8687 | D:11     | Reached XP level 12. HP: 94/97 MP: 22/22
  8825 | D:11     | Reached ***** piety under Makhleb
  8969 | Lair:1   | Entered Level 1 of the Lair of Beasts
  9514 | Lair:1   | Found a runed translucent gate.
  9514 | Lair:1   | Found a runed translucent gate.
  9514 | Lair:1   | Found a runed translucent gate.
  9514 | Lair:1   | Noticed Descartes's ghost (journeyman FoFi)
  9514 | Lair:1   | Noticed ripuliukko's ghost (journeyman DEEE)
  9515 | Lair:1   | Noticed Azuvok's ghost (novice FoFi)
  9515 | Lair:1   | Noticed purpleHaze's ghost (journeyman HuHu)
  9794 | Lair:2   | Noticed a six-headed hydra
  9800 | Lair:2   | Killed a six-headed hydra
  9801 | Lair:2   | Reached skill level 10 in Fighting
  9836 | Lair:2   | Identified the +4 scale mail of Fuhealo {*Slow Fly rN+
                  | SInv}
 10292 | Lair:2   | Found a hole to the Spider Nest.
 10436 | Lair:2   | Reached skill level 15 in Invocations
 10774 | Lair:3   | Reached skill level 1 in Dodging
 10818 | Lair:3   | Found a staircase to the Shoals.
 10991 | Lair:3   | Found an opulent altar of Gozag.
 10999 | Lair:3   | Reached skill level 10 in Axes
 11137 | Lair:3   | Reached skill level 16 in Invocations
 11416 | Lair:3   | Noticed Kubamp's ghost (journeyman DEAE)
 11417 | Lair:3   | Found a runed translucent door.
 11783 | Lair:4   | Gained mutation: You have a pair of large horns on your
                  | head. [demonic ancestry]
 11783 | Lair:4   | Reached XP level 13. HP: 103/103 MP: 25/25
 12001 | Lair:4   | Found a staircase to the Slime Pits.
 12002 | Lair:4   | Found a viscous altar of Jiyva.
 13183 | Lair:5   | Entered Level 5 of the Lair of Beasts
 13222 | Lair:5   | Reached skill level 17 in Invocations
 13327 | Lair:5   | Found a frozen archway.
 13444 | IceCv    | Entered an ice cave
 14297 | IceCv    | Reached ****** piety under Makhleb
 14804 | Lair:5   | Reached XP level 14. HP: 109/113 MP: 26/26
 15184 | Lair:5   | Reached skill level 18 in Invocations
 15859 | Lair:5   | Found a corrupted altar of Lugonu.
 16165 | Lair:5   | Got the Octavo of the Filthy Jaunt
 16324 | Spider:1 | Entered Level 1 of the Spider Nest
 16816 | Spider:1 | Reached skill level 19 in Invocations
 16916 | Spider:1 | Noticed Roxanne
 16937 | Spider:1 | Noticed a ghost moth
 16949 | Spider:1 | Killed a ghost moth
 17767 | Spider:1 | Reached skill level 10 in Armour
 19021 | Spider:2 | HP: 5/113 [demonic crawler (4)]
 19404 | Spider:2 | Noticed Azrael
 19596 | Spider:2 | Gained mutation: You are weak. (Str -2) [mutagenic glow]
 19610 | Spider:2 | Killed Azrael
 19611 | Spider:2 | Gained mutation: You occasionally lose the ability to read
                  | scrolls when taking damage. [mutagenic glow]
 19902 | Spider:2 | Reached XP level 15. HP: 120/120 MP: 28/28
 21039 | Spider:3 | Noticed an emperor scorpion
 21044 | Spider:3 | Killed an emperor scorpion
 21058 | Spider:3 | HP: 6/120 [demonic crawler (6)]
 21522 | Spider:4 | Entered Level 4 of the Spider Nest
 21627 | Spider:4 | Noticed Mlioglotl
 21638 | Spider:4 | Killed Mlioglotl
 21645 | Spider:4 | Lost mutation: You are weak. (Str -2) [potion of mutation]
 21645 | Spider:4 | Lost mutation: You occasionally lose the ability to read
                  | scrolls when taking damage. [potion of mutation]
 21645 | Spider:4 | Gained mutation: You are partially covered in large bone
                  | plates. (SH +4) [potion of mutation]
 21645 | Spider:4 | Gained mutation: You occasionally lose the ability to read
                  | scrolls when taking damage. [potion of mutation]
 21645 | Spider:4 | Gained mutation: You sometimes lose the ability to read
                  | scrolls when taking damage. [potion of mutation]
 21645 | Spider:4 | Gained mutation: You possess an exceptional clarity of
                  | mind. [potion of mutation]
 22336 | Spider:4 | Reached skill level 20 in Invocations
 22694 | Spider:4 | HP: 6/120 [demonic crawler (9)]
 22698 | Spider:4 | Slain by an entropy weaver

Illustrated notes

Levels and vault maps discovered:
D:1:      co_arrival_random_square_maze, layout_basic
D:2:      layout_basic, chequers_ecumenical_altar_simple_redux, minivault_19
D:3:      layout_loops_cross, minmay_misc_feat_square, minmay_misc_feat_hallway,
          uniq_sigmund
D:4:      layout_basic, lemuel_doored_altar
D:5:      layout_cave_pools, kennysheep_generic_room_5
D:6:      layout_loops_cross, temple_statues, minmay_unpleasant_kobolds,
          uniq_pikel, uniq_grinder
D:7:      layout_basic, mainiacjoe_overflow_catwalk, minmay_shop_mass,
          minmay_shop_damaged, minivault_25
D:8:      layout_rooms, chequers_serial_rivers_marsh, uniq_joseph, uniq_grum
D:9:      layout_rooms, serial_curves, eino_curves_02, eino_curves_02,
          kennysheep_generic_room_12, uniq_erica
D:10:     layout_rooms, ebering_ghost_xom
D:11:     layout_long_grid, hellmonk_lair_entry_icy,
          nicolae_tso_swordbearing_angel
D:12:     minmay_cornered_nines, layout_irregular_city, orc_0_dummy,
          gammafunk_ghost_abyssal_escape
Lair:1:   layout_chaotic_city, gammafunk_ghost_cemetery
Lair:2:   layout_concentric_octagons, spider_nest_entry_funnel_web,
          minmay_lair_oklob_items, grunt_megastairs_3
Lair:3:   layout_regular_city, nicolae_shoals_entry_roost,
          hellmonk_ghost_happy_afterlife, basic_altar,
          infiniplex_staircase_pool_2
Lair:4:   layout_layer_cave, minmay_slime_entry_jelly_boxes, serial_bayou_lake_a
Lair:5:   hellmonk_lair_end_abyssal_woods, layout_small_grid,
          portal_ice_cave_demonic_guard, chequers_serial_rivers_small_3,
          kennysheep_rathole
Spider:1: layout_cave_pods, uniq_roxanne
Spider:2: layout_spider_delve, uniq_azrael
Spider:3: layout_spider_delve
Spider:4: hellmonk_spider_rune_bug_friends, uniq_arachne, uniq_mlioglotl

Skill      XL: |  1  2  3  4  5  6  7  8  9 10 11 12 13 14 15 |
---------------+----------------------------------------------+-----
Maces & Flails | 3 4 |  4.6
Fighting       | 2 4 5 6 8 9 10 11 12 | 12.1
Armour         | 3 4 5 6 7 8 10 11 | 11.9
Invocations    | 2 4 8 12 14 16 17 19 20 | 20.2
Shields        | 2 3 |  3.1
Axes           | 4 9 10 12 13 14 | 14.0
Dodging        | 2 |  2.0
Throwing       | |  1.7
Spellcasting   | |  1.0

Action                     |  1- 3 |  4- 6 |  7- 9 | 10-12 | 13-15 || total
---------------------------+-------+-------+-------+-------+-------++-------
  Melee: Mace              |    63 |    41 |   145 |    13 |       ||   262
         Punch             |     2 |       |     2 |       |       ||     4
         Headbutt          |     5 |     6 |    31 |    54 |   201 ||   297
         Battleaxe         |       |       |       |   207 |   696 ||   903
  Throw: Dart              |     4 |     6 |    15 |       |     2 ||    27
 Invoke: Minor Destruction |       |     4 |    78 |   218 |   198 ||   498
         Lesser Servant of |       |       |     3 |     1 |     2 ||     6
         Major Destruction |       |       |       |    26 |    65 ||    91
         Greater Servant o |       |       |       |       |     1 ||     1
  Evoke: Condenser vane    |       |       |       |       |     1 ||     1
    Use: Scroll            |       |       |       |    12 |    16 ||    28
         Potion            |       |       |       |       |     9 ||     9
   Stab: Sleeping          |     1 |       |       |       |       ||     1
 Armour: Leather armour    |    15 |       |       |       |       ||    15
         Ring mail         |     1 |    15 |    19 |       |       ||    35
         Plate armour      |       |       |    71 |   175 |   103 ||   349
         Scale mail        |       |       |    21 |       |       ||    21
         Skin              |       |       |       |     1 |       ||     1
         Crystal plate arm |       |       |       |       |   823 ||   823
  Dodge: Dodged            |    44 |    18 |    64 |    90 |   242 ||   458
  Block: Buckler           |       |       |    51 |     9 |       ||    60
         Other             |       |       |       |       |    40 ||    40
